AoeStats
← Don Salluste

Hideout

503166146Analyzed
2v2 RM · 2mo ago on Aug 30, 2026· 27m 10s· 4 players
Game mode
Random Map
Map size
Medium (4 player)
Population
200
Speed
Normal
Resources
Standard
Victory
Conquest
Starting age
Dark Age
Ending age
Imperial Age
RankedLock teamsTeams togetherTeam positionsShared explorationLock speedFull tech treeHidden civsTurbo modeCheats
Victory
Defeat
🇨🇦 Tatars · Canada
1272
+14
🇹🇷 Magyars · Türkiye
1169
+18
vs
🇫🇷 Vietnamese · France
1283
-19
🇫🇷 Wei · France
1162
-13
Miel
7:49 Loom
9:59 Feudal Age
10:44 Double-Bit Axe
10:50 Horse Collar
19:06 Castle Age
16:58 Gold Mining
17:01 Stone Mining
19:22 Scale Barding Armor
21:17 Bow Saw
24:29 Husbandry
Don Salluste
5:40 Loom
11:05 Feudal Age
11:30 Horse Collar
11:39 Double-Bit Axe
16:51 Castle Age
15:12 Gold Mining
15:33 Fletching
18:00 Bow Saw
17:52 Heavy Plow
18:14 Pikeman
20:00 Scale Mail Armor
24:06 Chain Mail Armor
Prismik
10:20 Feudal Age
14:20 Double-Bit Axe
14:32 Fletching
15:02 Padded Archer Armor
16:42 Wheelbarrow
21:27 Castle Age
23:33 Forging
23:23 Gold Mining
24:30 Scale Barding Armor
veysipak
9:44 Feudal Age
16:00 Castle Age
15:12 Double-Bit Axe
15:11 Horse Collar
15:48 Gold Mining
27:21 Scale Barding Armor
Connection lost

Rejoining the realm…

Still unreachable

The connection could not be restored.

Session expired

The server has moved on; the page needs a fresh start.